 Dungeon Sprint DCSS version 0.27.1-33-g824d729ab1 (webtiles) character file.

Game seed: 18342120955980101414

25 Adenis the Cudgeller (level 2, -3/31 HPs)
             Began as a Troll Berserker on Dec 3, 2021.
             Was a Follower of Trog.
             Slain by an ogre (15 damage)
             ... in the Dungeon (Sprint I: "Red Sonja").
             The game lasted 00:00:16 (43 turns).

Adenis the Cudgeller (Troll Berserker)                Turns: 43, Time: 00:00:17

Health: -3/31      AC:  4    Str: 24    XL:     2   Next: 82%
Magic:  1/1        EV: 10    Int:  3    God:    Trog [*.....]
Gold:   0          SH:  0    Dex:  9    Spells: 1/1 levels left

rFire    . . .     SeeInvis .   a - +0 mace
rCold    . . .     Faith    .   (no shield)
rNeg     . . .     Spirit   .   b - +0 animal skin
rPois    .         Reflect  .   (helmet restricted)
rElec    .         Harm     .   (no cloak)
rCorr    .         Rampage  .   (gloves unavailable)
Will     .....     NoTele   +   (boots unavailable)
Stlth    +.........             (no amulet)
HPRegen  1.10/turn              (no ring)
MPRegen  0.07/turn              (no ring)

@: no status effects
A: large, unfitting armour, claws 3, regeneration 1, shaggy fur 1, tough skin 1
a: Renounce Religion, Berserk


You were in the Dungeon.
You worshipped Trog.
Trog was aware of your devotion.
You visited 1 branch

Inventory:

Hand Weapons
 a - a +0 mace (weapon)
Armour
 b - a +0 animal skin (worn)
Wands
 i - a wand of polymorph (5)
Scrolls
 h - a scroll of blinking
Potions
 c - a potion of curing
 d - a potion of heal wounds
 e - a potion of haste
 f - 2 potions of magic
 g - a potion of berserk rage


   Skills:
 + Level 3.6 Fighting
 + Level 3.8 Maces & Flails
 + Level 3.6 Dodging
 + Level 1.0 Unarmed Combat


You had one spell level left.
You didn't know any spells.
Your spell library was empty.

Dungeon Overview and Level Annotations

Branches:
Dungeon (1/1)

Altars:


Innate Abilities, Weirdness & Mutations

You are too large for most types of armour.
You have claws for hands.
Your natural rate of healing is unusually fast.
You are covered in fur. (AC +1)
You have tough skin. (AC +1)


Message History

You barely miss Ijyb.
Ijyb is almost dead.
Ijyb barely misses you.
You barely miss Ijyb.
Ijyb is almost dead.
Ijyb zaps a wand.
You resist with significant effort.
You touch Ijyb.
You kill Ijyb!
Trog accepts your kill.
Your Fighting skill increases to level 3!
Your Maces & Flails skill increases to level 3!
Your Dodging skill increases to level 3!
Your Unarmed Combat skill increases to level 1!
You have reached level 2!
i - a wand of polymorph (5)
Things that are here:
a +0 dagger; a +0 leather armour Your transformation has ended.
Your +0 mace unmelds from your body.
Your +0 animal skin unmelds from your body.
You open the door.
An ogre comes into view. It is wielding a +0 giant club.
The ogre hits you with a +0 giant club!!
Ouch! That really hurt!
* * * LOW HITPOINT WARNING * * *
There is an open door, spattered with blood here.
You barely miss the ogre. The ogre hits you but does no damage.
Things that are here:
a +0 dagger; a +0 leather armour
Okay, then.
There is an open door here.
You hit the ogre.
The ogre is lightly wounded.
The ogre completely misses you. The ogre hits you with a +0 giant club.
* * * LOW HITPOINT WARNING * * *
You hit the ogre.
The ogre is lightly wounded.
The ogre hits you with a +0 giant club!
You die...

##########
#<.#..'..#
#..').#..+
#..#####+#
#..# #O.#
#@.# #⌠⌠#
####


You could see an ogre.

Vanquished Creatures
  Ijyb (D)
1 creature vanquished.

Notes
Turn   | Place    | Note
-------+----------+-------------------------------------------
     0 | D        | Adenis the Troll Berserker began the quest for the Orb.
     0 | D        | Reached XP level 1. HP: 22/22 MP: 0/0
     2 | D        | Noticed Ijyb
    25 | D        | Killed Ijyb
    26 | D        | Reached skill level 1 in Unarmed Combat
    26 | D        | Reached XP level 2. HP: 29/31 MP: 1/1
    30 | D        | Noticed an ogre
    43 | D        | Slain by an ogre

Illustrated notes

Levels and vault maps discovered:
D:        dungeon_sprint_1 [red_sonja_temple_1, red_sonja_temple_small_1]

Skill      XL: |  1 |
---------------+----+-----
Fighting       | 3 |  3.6
Maces & Flails | 3 |  3.8
Dodging        | 3 |  3.6
Unarmed Combat | 1 |  1.0

Action                   || total
-------------------------++-------
Melee: Unarmed           ||    22
       Mace              ||     3
Armor: Skin              ||     1
       Animal skin       ||     1
Dodge: Dodged            ||    12
